| TOP OF THE 1ST |
|
Iowa Oaks batting - Pitching for Oklahoma City 89ers : RHP Mike Mendoza
|
|
Pitching: RHP Mike Mendoza
|
|
|
Batting: LHB Gary Jones
|
0-0: Called Strike 0-1: Called Strike 0-2: Foul Ball, location: 2F 0-2: Ball 1-2: Strikes out looking
|
|
Batting: RHB Mark Benson
|
0-0: Called Strike 0-1: Ball 1-1: Ground out 5-3 (Groundball, 56S, EV 61.9 MPH)
|
|
Batting: LHB Ronald Little
|
0-0: Swinging Strike 0-1: Swinging Strike 0-2: Ball 1-2: Ball 2-2: Ball 3-2: Foul Ball, location: 2F 3-2: Strikes out swinging
|
| Top of the 1st over - 0 runs, 0 hits, 0 errors, 0 left on base; Iowa 0 - Oklahoma City 0 |
| BOTTOM OF THE 1ST |
|
Oklahoma City 89ers batting - Pitching for Iowa Oaks : LHP Matthew Sutherland
|
|
Pitching: LHP Matthew Sutherland
|
|
|
Batting: RHB David Green
|
0-0: Swinging Strike 0-1: Foul Ball, location: 2F 0-2: Strikes out swinging
|
|
Batting: RHB John Christensen
|
0-0: Ball 1-0: Called Strike 1-1: Swinging Strike 1-2: Hit by Pitch
|
|
Batting: RHB Cecil Fielder
|
0-0: Ball 1-0: Ball 2-0: Foul Ball, location: 2F 2-1: Ball 3-1: Base on Balls John Christensen to second
|
|
Batting: RHB Glenn Braggs
|
0-0: Called Strike 0-1: Swinging Strike 0-2: Ball 1-2: Ball Balk! John Christensen to third Cecil Fielder to second 2-2: Reached on error, E6 (Groundball, 6M, EV 76.9 MPH) John Christensen scores Cecil Fielder scores
|
|
Batting: LHB Tom O'Malley
|
0-0: SINGLE (Groundball, 4D, EV 98.1 MPH) Glenn Braggs to third Runner from 3rd tries for Home, SAFE, throw by RF to home
|
|
Batting: RHB Nick Esasky
|
0-0: Called Strike 0-1: Reached on error, E9 (Line Drive, 9, EV 108.1 MPH) Tom O'Malley to second
|
|
Batting: RHB Joe Redfield
|
0-0: Ball 1-0: Called Strike 1-1: Ball 2-1: Grounds into double play, 6-4-3 (Groundball, 6, EV 80.0 MPH)
|
| Bottom of the 1st over - 3 runs, 1 hit, 2 errors, 1 left on base; Iowa 0 - Oklahoma City 3 |
| TOP OF THE 2ND |
|
Iowa Oaks batting - Pitching for Oklahoma City 89ers : RHP Mike Mendoza
|
|
Batting: LHB Donald Johnson
|
0-0: Foul Ball, location: 2F 0-1: Foul Ball, location: 2F 0-2: SOLO HOME RUN (Flyball, 78XD, EV 79.4 MPH), Distance : 400 ft
|
|
Batting: RHB Edgar Flores
|
0-0: Ball 1-0: Ball 2-0: Ball 3-0: Base on Balls
|
|
Batting: SHB Rod Craig
|
0-0: Called Strike 0-1: Foul Ball, location: 2F 0-2: Ball 1-2: Fielders Choice at 2nd, 5-4 (Groundball, 56, EV 81.3 MPH)
|
|
Batting: RHB Jordan Arredondo
|
0-0: Ball 1-0: Ball 2-0: Called Strike 2-1: Foul Ball, location: 2F 2-2: Foul Ball, location: 2F 2-2: Fly out, F8 (Flyball, 8LD, EV 86.9 MPH)
|
|
Batting: LHB Wayne Krenchicki
|
0-0: Called Strike Rod Craig steals 2nd base 0-1: Foul Ball, location: 2F 0-2: Ball 1-2: Ground out 1-3 (Groundball, 13S, EV 73.1 MPH)
|
| Top of the 2nd over - 1 run, 1 hit, 0 errors, 1 left on base; Iowa 1 - Oklahoma City 3 |
| BOTTOM OF THE 2ND |
|
Oklahoma City 89ers batting - Pitching for Iowa Oaks : LHP Matthew Sutherland
|
|
Batting: RHB Danny Jasso
|
0-0: Called Strike 0-1: Foul Ball, location: 2F 0-2: Ground out 6-3 (Groundball, 6, EV 95.6 MPH)
|
|
Batting: RHB Ron Tingley
|
0-0: Foul Ball, location: 2F 0-1: SINGLE (Groundball, 4MD, EV 95.6 MPH)
|
|
Batting: RHB David Green
|
0-0: Ball 1-0: Fielders Choice at 2nd, 1-6 (Groundball, 13, EV 63.8 MPH)
|
|
Batting: RHB John Christensen
|
0-0: Called Strike David Green steals 2nd base 0-1: Ball 1-1: DOUBLE (Flyball, 78XD, EV 106.9 MPH) David Green scores
|
|
Batting: RHB Cecil Fielder
|
0-0: Foul Ball, location: 2F 0-1: SINGLE (Line Drive, 6MD, EV 95.6 MPH) John Christensen to third Runner from 3rd tries for Home, SAFE, throw by CF to home
|
|
Batting: RHB Glenn Braggs
|
0-0: Ball 1-0: Fielders Choice at 2nd, U4 (Groundball, 4M, EV 89.4 MPH)
|
| Bottom of the 2nd over - 2 runs, 3 hits, 0 errors, 1 left on base; Iowa 1 - Oklahoma City 5 |
| TOP OF THE 3RD |
|
Iowa Oaks batting - Pitching for Oklahoma City 89ers : RHP Mike Mendoza
|
|
Batting: RHB Thomas Vessey
|
0-0: Ball 1-0: Ball 2-0: Called Strike 2-1: Ball 3-1: Base on Balls
|
|
Batting: LHB Gary Jones
|
0-0: Ball 1-0: Ball 2-0: Ball 3-0: Called Strike 3-1: Foul Ball, location: 2F 3-2: Foul Ball, location: 2F 3-2: Strikes out swinging
|
|
Batting: RHB Mark Benson
|
Pickoff Throw to First - Out! 1-3 0-0: Called Strike 0-1: Ball 1-1: Swinging Strike 1-2: Ball 2-2: Ball 3-2: Base on Balls
|
|
Batting: LHB Ronald Little
|
0-0: Called Strike 0-1: Fly out, F7 (Flyball, 78M, EV 84.4 MPH)
|
| Top of the 3rd over - 0 runs, 0 hits, 0 errors, 1 left on base; Iowa 1 - Oklahoma City 5 |
| BOTTOM OF THE 3RD |
|
Oklahoma City 89ers batting - Pitching for Iowa Oaks : LHP Matthew Sutherland
|
|
Batting: LHB Tom O'Malley
|
0-0: Ground out 5-3 (Groundball, 56, EV 104.4 MPH)
|
|
Batting: RHB Nick Esasky
|
0-0: Ball 1-0: Ball 2-0: Ball 3-0: Called Strike 3-1: Base on Balls
|
|
Batting: RHB Joe Redfield
|
0-0: Ball 1-0: Ball 2-0: Foul Ball, location: 2F 2-1: Swinging Strike 2-2: Foul Ball, location: 2F 2-2: Strikes out swinging
|
|
Batting: RHB Danny Jasso
|
0-0: Ball 1-0: Foul Ball, location: 2F 1-1: Ground out 4-3 (Groundball, 4, EV 85.0 MPH)
|
| Bottom of the 3rd over - 0 runs, 0 hits, 0 errors, 1 left on base; Iowa 1 - Oklahoma City 5 |
| TOP OF THE 4TH |
|
Iowa Oaks batting - Pitching for Oklahoma City 89ers : RHP Mike Mendoza
|
|
Batting: LHB Donald Johnson
|
0-0: Foul Ball, location: 2F 0-1: Swinging Strike 0-2: Ground out 4-3 (Groundball, 34, EV 87.5 MPH)
|
|
Batting: RHB Edgar Flores
|
0-0: Foul Ball, location: 2F 0-1: Fly out, F8 (Flyball, 89S, EV 81.3 MPH)
|
|
Batting: SHB Rod Craig
|
0-0: Called Strike 0-1: Swinging Strike 0-2: Ball 1-2: Ball 2-2: Foul Ball, location: 2F 2-2: SINGLE (Groundball, 25, EV 74.4 MPH) (infield hit)
|
|
Batting: RHB Jordan Arredondo
|
0-0: Ball 1-0: Fly out, F8 (Flyball, 8RXD, EV 81.9 MPH)
|
| Top of the 4th over - 0 runs, 1 hit, 0 errors, 1 left on base; Iowa 1 - Oklahoma City 5 |
| BOTTOM OF THE 4TH |
|
Oklahoma City 89ers batting - Pitching for Iowa Oaks : LHP Matthew Sutherland
|
|
Batting: RHB Ron Tingley
|
0-0: Ground out 4-3 (Groundball, 4, EV 106.9 MPH)
|
|
Batting: RHB David Green
|
0-0: Ball 1-0: SINGLE (Groundball, 4M, EV 100.0 MPH) (infield hit)
|
|
Batting: RHB John Christensen
|
0-0: Foul Ball, location: 2F 0-1: Called Strike 0-2: Fly out, F8 (Flyball, 8LS, EV 83.8 MPH)
|
|
Batting: RHB Cecil Fielder
|
0-0: Called Strike 0-1: Ball 1-1: Ground out 5-3 (Groundball, 56S, EV 79.4 MPH)
|
| Bottom of the 4th over - 0 runs, 1 hit, 0 errors, 1 left on base; Iowa 1 - Oklahoma City 5 |
| TOP OF THE 5TH |
|
Iowa Oaks batting - Pitching for Oklahoma City 89ers : RHP Mike Mendoza
|
|
Batting: LHB Wayne Krenchicki
|
0-0: Ground out 4-3 (Groundball, 4, EV 83.1 MPH)
|
|
Batting: RHB Thomas Vessey
|
0-0: Called Strike 0-1: Ball 1-1: Ball 2-1: SINGLE (Groundball, 6MD, EV 100.6 MPH)
|
|
Batting: LHB Gary Jones
|
0-0: Called Strike 0-1: Ball 1-1: Foul Ball, location: 2F 1-2: Ball 2-2: Foul Ball, location: 2F 2-2: Fly out, F4 (Flyball, 34D, EV 92.5 MPH)
|
|
Batting: RHB Mark Benson
|
0-0: Ball 1-0: Swinging Strike 1-1: Foul Ball, location: 2F 1-2: Fly out, F9 (Flyball, 9S, EV 84.4 MPH)
|
| Top of the 5th over - 0 runs, 1 hit, 0 errors, 1 left on base; Iowa 1 - Oklahoma City 5 |
| BOTTOM OF THE 5TH |
|
Oklahoma City 89ers batting - Pitching for Iowa Oaks : LHP Matthew Sutherland
|
|
Batting: RHB Glenn Braggs
|
0-0: Fly out, F7 (Flyball, 7LM, EV 82.5 MPH)
|
|
Batting: LHB Tom O'Malley
|
0-0: Foul Ball, location: 2F 0-1: SINGLE (Flyball, 89S, EV 93.8 MPH)
|
|
Batting: RHB Nick Esasky
|
0-0: Called Strike 0-1: Fly out, F5 (Line Drive, 5, EV 66.9 MPH)
|
|
Batting: RHB Joe Redfield
|
0-0: Ball 1-0: Ball 2-0: Ball 3-0: Called Strike 3-1: Foul Ball, location: 2F 3-2: Fly out, F3 (Popup, 23, EV 91.3 MPH)
|
| Bottom of the 5th over - 0 runs, 1 hit, 0 errors, 1 left on base; Iowa 1 - Oklahoma City 5 |
| TOP OF THE 6TH |
|
Iowa Oaks batting - Pitching for Oklahoma City 89ers : RHP Mike Mendoza
|
|
Batting: LHB Ronald Little
|
0-0: Called Strike 0-1: Ball 1-1: Swinging Strike 1-2: SINGLE (Line Drive, 4MD, EV 105.0 MPH)
|
|
Batting: LHB Donald Johnson
|
0-0: Ball 1-0: Called Strike Ronald Little steals 2nd base 1-1: Ball 2-1: Foul Ball, location: 2F 2-2: Fly out, F8 (Flyball, 8LM, EV 94.4 MPH)
|
|
Batting: RHB Edgar Flores
|
0-0: Ball 1-0: Ball 2-0: Called Strike 2-1: Foul Ball, location: 2F 2-2: SINGLE (Groundball, 4M, EV 83.1 MPH) (infield hit) Ronald Little to third
|
|
Batting: SHB Rod Craig
|
0-0: Ball 1-0: SINGLE (Groundball, 56D, EV 95.6 MPH) Ronald Little scores Edgar Flores to second
|
|
Batting: RHB Jordan Arredondo
|
0-0: Ball 1-0: Swinging Strike 1-1: Ball 2-1: Fielders Choice at 3rd, U5 (Groundball, 5L, EV 85.0 MPH) Rod Craig to second
|
|
Batting: LHB Wayne Krenchicki
|
0-0: Foul Ball, location: 2F 0-1: Ball 1-1: Foul Ball, location: 2F 1-2: Foul Ball, location: 2F 1-2: Ground out 1-3 (Groundball, 15S, EV 75.6 MPH)
|
| Top of the 6th over - 1 run, 3 hits, 0 errors, 2 left on base; Iowa 2 - Oklahoma City 5 |
| BOTTOM OF THE 6TH |
|
Oklahoma City 89ers batting - Pitching for Iowa Oaks : LHP Matthew Sutherland
|
|
Batting: RHB Danny Jasso
|
0-0: Ball 1-0: Fly out, F8 (Line Drive, 8LD, EV 104.4 MPH)
|
|
Batting: RHB Ron Tingley
|
0-0: Ball 1-0: Called Strike 1-1: Ground out 4-3 (Groundball, 4MD, EV 89.4 MPH)
|
|
Batting: RHB David Green
|
0-0: Called Strike 0-1: Called Strike 0-2: Strikes out swinging
|
| Bottom of the 6th over - 0 runs, 0 hits, 0 errors, 0 left on base; Iowa 2 - Oklahoma City 5 |
| TOP OF THE 7TH |
|
Iowa Oaks batting - Pitching for Oklahoma City 89ers : RHP Mike Mendoza
|
|
Batting: RHB Thomas Vessey
|
0-0: Called Strike 0-1: Foul Ball, location: 2F 0-2: Strikes out swinging
|
|
Batting: LHB Gary Jones
|
0-0: Called Strike 0-1: Foul Ball, location: 2F 0-2: Ball 1-2: Ball 2-2: Ball 3-2: Ground out 4-3 (Groundball, 34, EV 105.6 MPH)
|
|
Batting: RHB Mark Benson
|
0-0: Called Strike 0-1: Fly out, F8 (Line Drive, 8RM, EV 88.1 MPH)
|
| Top of the 7th over - 0 runs, 0 hits, 0 errors, 0 left on base; Iowa 2 - Oklahoma City 5 |
| BOTTOM OF THE 7TH |
|
Oklahoma City 89ers batting - Pitching for Iowa Oaks : LHP Matthew Sutherland
|
|
Pitching: RHP Cristian Martinez
|
|
|
Batting: RHB John Christensen
|
0-0: Swinging Strike 0-1: Swinging Strike 0-2: Strikes out swinging
|
|
Batting: RHB Cecil Fielder
|
0-0: SINGLE (Line Drive, 8RS, EV 90.6 MPH)
|
|
Batting: RHB Glenn Braggs
|
0-0: Called Strike 0-1: Ball 1-1: Foul Ball, location: 2F 1-2: Strikes out looking
|
|
Batting: LHB Tom O'Malley
|
0-0: Ball 1-0: Ground out 4-3 (Groundball, 4S, EV 83.1 MPH)
|
| Bottom of the 7th over - 0 runs, 1 hit, 0 errors, 1 left on base; Iowa 2 - Oklahoma City 5 |
| TOP OF THE 8TH |
|
Iowa Oaks batting - Pitching for Oklahoma City 89ers : RHP Mike Mendoza
|
|
Now at C: Robert Bailey
|
|
|
Batting: LHB Ronald Little
|
0-0: Ball 1-0: Ball 2-0: Ball 3-0: Called Strike 3-1: Called Strike 3-2: SINGLE (Groundball, 4D, EV 104.4 MPH)
|
|
Batting: LHB Donald Johnson
|
0-0: Ball 1-0: Foul Ball, location: 2F 1-1: Foul Ball, location: 2F 1-2: Strikes out swinging
|
|
Batting: RHB Edgar Flores
|
0-0: Called Strike 0-1: Ball 1-1: Fly out, F7 (Flyball, 7S, EV 85.6 MPH)
|
|
Pitching: RHP Ernie Camacho
|
|
|
Batting: SHB Rod Craig
|
0-0: Ball 1-0: Called Strike 1-1: Ball 2-1: Ball 3-1: Foul Ball, location: 2F 3-2: Strikes out swinging
|
| Top of the 8th over - 0 runs, 1 hit, 0 errors, 1 left on base; Iowa 2 - Oklahoma City 5 |
| BOTTOM OF THE 8TH |
|
Oklahoma City 89ers batting - Pitching for Iowa Oaks : RHP Cristian Martinez
|
|
Batting: RHB Nick Esasky
|
0-0: Called Strike 0-1: Ground out 6-3 (Groundball, 6, EV 109.4 MPH)
|
|
Batting: RHB Joe Redfield
|
0-0: Fly out, F9 (Flyball, 89D, EV 80.0 MPH)
|
|
Batting: RHB Danny Jasso
|
0-0: DOUBLE (Flyball, 78D, EV 95.6 MPH)
|
|
Batting: RHB Ron Tingley
|
0-0: Ball 1-0: Foul Ball, location: 2F 1-1: Swinging Strike 1-2: Strikes out swinging
|
| Bottom of the 8th over - 0 runs, 1 hit, 0 errors, 1 left on base; Iowa 2 - Oklahoma City 5 |
| TOP OF THE 9TH |
|
Iowa Oaks batting - Pitching for Oklahoma City 89ers : RHP Ernie Camacho
|
|
Batting: RHB Jordan Arredondo
|
0-0: Foul Ball, location: 2F 0-1: Called Strike 0-2: Strikes out looking
|
|
Batting: LHB Wayne Krenchicki
|
0-0: Ball 1-0: Fly out, F3 (Popup, 3S, EV 71.9 MPH)
|
|
Batting: RHB Thomas Vessey
|
0-0: Ball 1-0: SINGLE (Groundball, 4MD, EV 94.4 MPH)
|
|
Batting: LHB Gary Jones
|
0-0: Ball 1-0: Ball 2-0: Called Strike 2-1: Foul Ball, location: 2F 2-2: Ground out 4-3 (Groundball, 34D, EV 103.8 MPH)
|
| Top of the 9th over - 0 runs, 1 hit, 0 errors, 1 left on base; Iowa 2 - Oklahoma City 5 |
|